 Dungeon Crawl Stone Soup version bcrawl-1.21.3 (webtiles) character file.

Game seed: 6338621701554688917

4029 MisterOstroum the Skirmisher (level 10, -13/79 HPs)
             Began as a Demonspawn Skald on Mar 25, 2020.
             Was a Priest of Cheibriados.
             Mangled by a yak (16 damage)
             ... on level 8 of the Dungeon.
             The game lasted 00:21:34 (10833 turns).

MisterOstroum the Skirmisher (Demonspawn Skald)    Turns: 10833, Time: 00:21:35

Health: -13/79     AC: 11    Str: 20    XL:     10   Next: 4%
Magic:  11/13      EV: 14    Int: 22    God:    Cheibriados [***...]
Gold:   302        SH:  0    Dex: 21    Spells: 4/13 levels left

rFire    + . .     SeeInvis .   b - +0 dagger (venom)
rCold    . . .     Gourm    .   (no shield)
rNeg     . . .     Faith    .   j - +0 leather armour
rPois    .         Spirit   .   (helmet unavailable)
rElec    .         Reflect  .   (no cloak)
rCorr    .         Harm     .   (no gloves)
MR       .....                  u - +1 pair of boots
Stlth    ++........             (no amulet)
HPRegen  0.23/turn              (no ring)
MPRegen  0.13/turn              J - ring of wizardry (curse)

@: sanguine armour, very slow
A: horns 3, fire resistance 1, sanguine armour 1
a: Bend Time, Temporal Distortion, Renounce Religion


You were on level 8 of the Dungeon.
You worshipped Cheibriados.
Cheibriados was most pleased with you.
You were hungry.

You visited 2 branches of the dungeon, and saw 9 of its levels.

You collected 411 gold pieces.
You spent 109 gold pieces at shops.

Inventory:

Hand Weapons
 a - a +0 spear
 b - a +0 dagger of venom (weapon)
 z - the +6 rapier of Leutsoil {pain, rN+}
   (You found it on level 5 of the Dungeon)

   In the hands of one skilled in necromantic magic, it inflicts extra damage on
   living creatures.
   It protects you from negative energy.
 H - a +0 shortbow
Missiles
 f - 1630 sling bullets
 g - 1462 stones (quivered)
 i - 194 poisoned needles
 v - 692 arrows
Armour
 j - a +0 leather armour (worn)
 u - a +1 pair of boots (worn)
 F - a cursed -2 medium shield
 K - a +0 plate armour
Jewellery
 I - an uncursed ring of ice
 J - a cursed ring of wizardry (right hand)
Wands
 c - a wand of polymorph (2)
 A - a wand of flame (35)
 C - a wand of disintegration (28)
Scrolls
 h - a scroll of amnesia
 l - a scroll of teleportation {@r3 !r}
 m - 4 scrolls of remove curse {@r2}
 o - 2 scrolls of blinking {unknown}
 q - 4 scrolls of enchant armour
 w - 2 scrolls of fog
 x - 2 scrolls of fear {!r}
 y - 4 scrolls of immolation
 E - 2 scrolls of identify {@r1}
Potions
 d - a potion of degeneration
 k - 4 potions of agility {@q5 !q}
 n - 4 potions of curing {@q1 !q}
 p - 2 potions of mutation
 r - a potion of flight
 s - a potion of might {@q3 !q}
 t - 2 potions of ambrosia
 B - a potion of invisibility
 D - a potion of heal wounds {unknown}
 G - a potion of cancellation {unknown}
 L - a potion of berserk rage {unknown}
Comestibles
 e - 12 rations {!d}


   Skills:
 * Level 7.2 Fighting
 * Level 5.6 Polearms
 - Level 0.8 Armour
 + Level 3.7 Dodging
 - Level 3.0 Stealth
 + Level 2.1 Spellcasting
 + Level 5.5 Hexes
 - Level 5.0 Charms
 - Level 6.0 Necromancy
 + Level 4.7 Invocations
 + Level 0.4 Evocations


You had 4 spell levels left.
You knew the following spells:

 Your Spells              Type           Power        Failure   Level  Hunger
a - Infusion              Chrm           ###.....     1%          1    #......
b - Song of Slaying       Chrm           ###.....     1%          2    ##.....
c - Spectral Weapon       Hex/Chrm       ####....     2%          3    ###....
H - Regeneration          Chrm/Necr      ####......   1%          3    ###....

Your spell library contained the following spells:

 Spells                   Type           Power        Failure   Level  Hunger
 Magic Dart               Conj           #...         6%          1    #......
 Ozocubu's Armour         Chrm/Ice       ##......     7%          3    ###....
 Searing Ray              Conj           #.......     10%         2    ##.....
 Iskenderun's Mystic Bla  Conj           #.......     19%         3    ###....
 Fulminant Prism          Conj/Hex       ##........   21%         4    #####..
 Irradiate                Conj/Tmut      #.........   85%         5    ######.


Dungeon Overview and Level Annotations

Branches:
Dungeon (8/12)             Temple (1/1) D:5            Lair (0/6) D:7
    Orc: D:8-11

Altars:
Ashenzari
Cheibriados
Dithmenos
Elyvilon
Fedhas
Gozag
Hepliaklqana
Kikubaaqudgha
Lugonu
Nemelex Xobeh
Okawaru
Ru
Sif Muna
Trog
Uskayaw
Vehumet
Wu Jian
Xom
Zin
The Shining One

Shops:
D:5 (?*

Annotations:
D:2 1 runed door, exclusion: door
D:3 Terence
D:5 3 runed translucent doors, Mrkan's ghost, novice MiFi


Innate Abilities, Weirdness & Mutations

You have a pair of large horns on your head.
Your flesh is heat resistant. (rF+)
When seriously injured, your bleeding wounds create armour. (AC +6)


Message History

The orc priest barely misses you.
The orc priest hits your spectral weapon but does no damage.
The crimson imp hits you.
You puncture the orc priest!
The orc priest is almost dead.
Your spectral weapon misses the orc priest.
The orc priest barely misses you.
The orc priest barely misses your spectral weapon.
The crimson imp barely misses you.
You barely miss the orc priest. Your headbutt misses the orc priest.
The orc priest is almost dead.
Your spectral weapon hits the orc priest.
You kill the orc priest!
Cheibriados thoroughly appreciates the change of pace.
You have reached level 10!
The orc misses you.
Your spectral weapon disappears as you unwield.
Your +0 dagger of venom begins to drip with poison!
b - a +0 dagger of venom (weapon)
The crimson imp hits you but does no damage.
Something hits you but does no damage.
Casting: Spectral Weapon (safe; 2% risk of failure)
Confirm with . or Enter, or press ? or * to list all spells.
You draw out your weapon's spirit!
The orc barely misses you. The crimson imp completely misses you.
Something hits you.
Unknown command.
You barely miss the yak. Your headbutt misses the yak.
The yak is moderately wounded.
The orc closely misses you. The crimson imp barely misses you.
The yak closely misses you. Something hits you but does no damage.
You barely miss the yak.
The yak is moderately wounded.
The orc hits you. The crimson imp misses you. The yak gores you!
Something hits you but does no damage.
The yak bellows!
You hit the yak.
The yak is poisoned.
The yak is heavily wounded.
The orc completely misses you.
The crimson imp hits you but does no damage.
The yak gores you!
You hear some strange, mumbled words.
Something tries to affect you, but you resist.
You hit the yak but do no damage.
The yak looks more poisoned.
The yak is heavily wounded.
The orc barely misses you. The crimson imp hits you. The yak gores you.
Something barely misses you.
The yak bellows!
You hit the yak but do no damage.
The yak looks more poisoned.
You headbutt the yak, but do no damage.
The yak is heavily wounded.
The orc barely misses you. The crimson imp hits you.
Your blood congeals into armour.
The yak gores you!
You hit the yak but do no damage. You headbutt the yak.
The yak is severely wounded.
The orc closely misses you. The yak closely misses you.
The crimson imp hits you. Something hits you but does no damage.
You hit the orc. You headbutt the orc.
You kill the orc!
Cheibriados appreciates the change of pace.
The crimson imp blinks!
The yak gores you! Something hits you.
You swap places.
Things that are here:
a +0 short sword; 317 stones; an orc corpse The yak barely misses you.
You closely miss the yak.
The yak is almost dead.
The crimson imp blinks!
The yak gores you.
You hear some strange, mumbled words.
A magic dart appears from out of thin air!
The magic dart hits you but does no damage.
You barely miss the yak. You headbutt the yak.
You kill the yak!
Cheibriados appreciates the change of pace.
Something barely misses you. The yak gores your spectral weapon!
Your spectral weapon shares its damage with you!
* * * LOW HITPOINT WARNING * * *
Unknown command.
Unknown command.
A magic dart appears from out of thin air!
The magic dart hits your spectral weapon.
Your spectral weapon shares its damage with you!
* * * LOW HITPOINT WARNING * * *
The yak gores you.
* * * LOW HITPOINT WARNING * * *
Something closely misses your spectral weapon.
Unknown command.
Unknown command.
You hit the yak but do no damage.
The yak is poisoned.
You headbutt the yak!
The yak is moderately wounded.
The yak gores your spectral weapon!
Your spectral weapon shares its damage with you!
Your spectral weapon fades away.
* * * LOW HITPOINT WARNING * * *
The yak gores you!
* * * LOW HITPOINT WARNING * * *
Unknown command.
You hit the yak.
The yak looks more poisoned.
You headbutt the yak!
The yak is heavily wounded.
The yak gores you!
You die...

....................[)..###
..........#.#####).......$.#
#............## ##..#....#..
#........##....###.###.....#
#........##.##...#.##..#....
#.............o...÷)...#....
#.....###.#.######{#......#.
####### #......#).Y.)......
##.....#@##..#.>...
##....#.Y..##..#..
#....#..###.....
#...Y...........
#........[..## #..##########
#..#.#.### #..#.#.#°#
#..')#.#'##


You could see 2 yaks.

Vanquished Creatures
  Grinder (D:6)
  A hippogriff (D:7)
  A wraith (D:7)
  2 yaks (D:8)
  A hungry ghost (D:8)
  Menkaure (D:5)
  2 sky beasts
  4 orc warriors
  An ice beast (D:7)
  2 black bears
  2 phantoms
  5 ogres
  2 big kobolds (D:6)
  A centaur (D:6)
  2 bullfrogs
  2 water moccasin skeletons
  4 scorpions
  A howler monkey (D:4)
  A crimson imp (D:6)
  A bullfrog zombie (D:7)
  4 hounds
  2 jellies
  A bullfrog skeleton (D:5)
  An orc priest (D:8)
  Ijyb (D:5)
  2 iguanas
  7 orc wizards
  A worker ant (D:5)
  A hound zombie (D:6)
  A worker ant zombie (D:8)
  3 gnolls
  11 adders
  A shadow imp (D:8)
  2 adder skeletons
  2 adder zombies
  3 worms
  3 dart slugs
  6 leopard geckos
  15 orcs
  A ball python (D:1)
  3 bats
  2 giant cockroaches (D:2)
  8 goblins
  8 hobgoblins
  3 jackals (D:7)
  A quokka (D:3)
  3 frilled lizards
  14 kobolds
  9 rats
  A fungus (D:2)
157 creatures vanquished.

Vanquished Creatures (others)
  5 plants (D:8)
  7 spectral weapons
12 creatures vanquished.

Grand Total: 169 creatures vanquished

Notes
Turn   | Place    | Note
-------+----------+-------------------------------------------
     0 | D:1      | MisterOstroum the Demonspawn Skald began the quest for the
                  | Orb.
     0 | D:1      | Reached XP level 1. HP: 16/16 MP: 3/3
   201 | D:1      | Gained mutation: You have a pair of small horns on your
                  | head. [demonic ancestry]
   201 | D:1      | Reached XP level 2. HP: 22/22 MP: 0/5
   346 | D:1      | Learned a level 2 spell: Song of Slaying
   798 | D:1      | Reached XP level 3. HP: 26/28 MP: 1/6
  1073 | D:2      | Learned a level 3 spell: Regeneration
  1712 | D:2      | Gained mutation: You have a pair of horns on your head.
                  | [demonic ancestry]
  1712 | D:2      | Reached XP level 4. HP: 25/34 MP: 0/7
  1998 | D:2      | Found a blossoming altar of Fedhas.
  2099 | D:2      | Found a runed door.
  2133 | D:3      | Noticed an ogre
  2170 | D:3      | Reached skill level 1 in Necromancy
  2413 | D:3      | Found a shimmering altar of Xom.
  2467 | D:3      | Found a corrupted altar of Lugonu.
  2527 | D:3      | Killed an ogre
  2527 | D:3      | Reached skill level 3 in Fighting
  2527 | D:3      | Reached XP level 5. HP: 30/41 MP: 0/8
  2733 | D:3      | Found an iron altar of Okawaru.
  2877 | D:3      | Noticed Terence
  2921 | D:3      | Found a sacrificial altar of Ru.
  3104 | D:3      | Found a shimmering blue altar of Sif Muna.
  3530 | D:4      | Noticed a phantom
  3546 | D:4      | Killed a phantom
  3546 | D:4      | Reached XP level 6. HP: 47/47 MP: 2/9
  3642 | D:4      | Learned a level 3 spell: Spectral Weapon
  4503 | D:4      | Found a shadowy altar of Dithmenos.
  4869 | D:4      | Reached skill level 1 in Hexes
  5207 | D:4      | Gained mutation: You have a pair of large horns on your
                  | head. [demonic ancestry]
  5207 | D:4      | Reached XP level 7. HP: 53/53 MP: 4/10
  5383 | D:5      | Entered Level 5 of the Dungeon
  5404 | D:5      | Found Gamiddesk's Weapon Boutique.
  5479 | D:5      | Noticed Ijyb
  5735 | D:5      | Found an opulent altar of Gozag.
  5785 | D:5      | Found a staircase to the Ecumenical Temple.
  5797 | D:5      | Reached skill level 4 in Fighting
  5803 | D:5      | Got a polished rapier
  5807 | Temple   | Entered the Ecumenical Temple
  6135 | Temple   | Became a worshipper of Cheibriados the Contemplative
  6195 | D:5      | Killed Ijyb
  6257 | D:5      | Found Opubingaff's Magic Scroll Shop.
  6260 | D:5      | Bought a scroll of fog for 22 gold pieces
  6281 | D:5      | Found a runed translucent gate.
  6281 | D:5      | Found a runed translucent gate.
  6281 | D:5      | Noticed a centaur warrior
  6282 | D:5      | Found a runed translucent gate.
  6283 | D:5      | Noticed a hippogriff
  6292 | D:5      | Identified the +6 rapier of Leutsoil {pain, rN+} (You found
                  | it on level 5 of the Dungeon)
  6306 | D:5      | Noticed Mrkan's ghost (novice MiFi)
  6325 | D:5      | Found Nipuf's Assorted Antiques.
  6328 | D:5      | Bought a sedimented red potion for 27 gold pieces
  6328 | D:5      | Bought a scroll labeled ETOHYUMA ATA for 30 gold pieces
  6328 | D:5      | Bought a scroll labeled OGINLEGYOFE for 30 gold pieces
  7147 | D:5      | Noticed Menkaure
  7153 | D:5      | Killed Menkaure
  7153 | D:5      | Reached skill level 1 in Invocations
  7153 | D:5      | Gained mutation: Your flesh is heat resistant. (rF+)
                  | [demonic ancestry]
  7153 | D:5      | Reached XP level 8. HP: 52/61 MP: 7/11
  7231 | D:5      | Reached * piety under Cheibriados
  7493 | D:6      | Reached skill level 5 in Fighting
  7621 | D:6      | Reached skill level 5 in Charms
  8219 | D:6      | Noticed Grinder
  8238 | D:6      | Reached skill level 1 in Stealth
  8247 | D:6      | Killed Grinder
  8383 | D:6      | Gained mutation: When seriously injured, your bleeding
                  | wounds create armour. (AC +6) [demonic ancestry]
  8383 | D:6      | Reached XP level 9. HP: 54/69 MP: 8/12
  8395 | D:6      | Reached skill level 6 in Fighting
  8690 | D:7      | Reached skill level 5 in Necromancy
  8809 | D:7      | Reached skill level 5 in Hexes
  8809 | D:7      | HP: 3/69 [something (4)]
  8827 | D:7      | Reached ** piety under Cheibriados
  9537 | D:7      | Found a staircase to the Lair.
  9960 | D:7      | Reached skill level 5 in Polearms
 10498 | D:8      | Reached skill level 7 in Fighting
 10605 | D:8      | Reached *** piety under Cheibriados
 10817 | D:8      | Reached XP level 10. HP: 76/79 MP: 11/13
 10832 | D:8      | HP: 3/79 [yak (10)]
 10833 | D:8      | Mangled by a yak

Skill      XL: |  1  2  3  4  5  6  7  8  9 |
---------------+----------------------------+-----
Polearms       | 2 3 4 5 |  5.6
Charms         | 3 4 5 |  5.0
Necromancy     | 1 2 4 6 |  6.0
Fighting       | 3 4 5 7 |  7.2
Hexes          | 1 3 4 5 |  5.5
Invocations    | 1 3 4 |  4.7
Dodging        | 2 3 |  3.7
Stealth        | 1 3 |  3.0
Armour         | |  0.8
Spellcasting   | |  2.1
Evocations     | |  0.4

Action                   |  1- 3 |  4- 6 |  7- 9 | 10-12 || total
-------------------------+-------+-------+-------+-------++-------
Melee: Spear             |   148 |   169 |   136 |       ||   453
       Headbutt          |    11 |    25 |    85 |     6 ||   127
       Dagger            |       |       |   220 |    11 ||   231
Throw: Stone             |       |     4 |     7 |       ||    11
 Cast: Infusion          |    11 |     9 |    12 |       ||    32
       Song of Slaying   |     4 |    12 |    11 |       ||    27
       Spectral Weapon   |       |     3 |    28 |     1 ||    32
       Regeneration      |       |     2 |    17 |       ||    19
Invok: Bend Time         |       |       |     1 |       ||     1
Evoke: Wand              |       |       |     5 |       ||     5
  Use: Scroll            |       |     4 |    12 |       ||    16
       Potion            |       |     1 |     4 |       ||     5
 Stab: Sleeping          |       |     2 |     3 |       ||     5
       Distracted        |       |     1 |     2 |       ||     3
       Invisible         |       |       |     1 |       ||     1
  Eat: Chunk             |     3 |    10 |    12 |       ||    25
       Ration            |       |     1 |     3 |       ||     4
Armor: Leather armour    |    34 |    16 |    88 |     7 ||   145
Dodge: Dodged            |    66 |    75 |   187 |    15 ||   343
